 Dungeon Crawl Stone Soup version 0.24-a0-201-gf2055891f0 (webtiles) character file.

Game seed: 2502771468515197648

136 Orphidia the Ogre Mage (level 5, 0/53 HPs)
             Began as an Ogre Wizard on Mar 25, 2019.
             Succumbed to a worker ant's poison
             ... on level 5 of the Dungeon.
             The game lasted 00:08:24 (2479 turns).

Orphidia the Ogre Mage (Ogre Wizard)                Turns: 2479, Time: 00:08:25

Health: 0/53       AC:  4    Str: 16    XL:     5   Next: 19%
Magic:  1/12       EV: 10    Int: 20    God:
Gold:   60         SH:  0    Dex:  7    Spells: 4/13 levels left

rFire    . . .     SeeInvis .   e - +0 short sword
rCold    . . .     Gourm    .   (no shield)
rNeg     . . .     Faith    .   a - +0 robe
rPois    .         Spirit   .   b - +0 hat
rElec    .         Reflect  .   k - +0 cloak
rCorr    .         Harm     .   (gloves unavailable)
MR       .....                  (boots unavailable)
Stlth    +.........             o - amulet of inaccuracy
HPRegen  0.17/turn              (no ring)
MPRegen  0.13/turn              (no ring)

@: mighty, lethally poisoned (0 -> -11), very slightly contaminated
A: large, unfitting armour, tough skin 1
a: no special abilities


You were on level 5 of the Dungeon.
You were not hungry.

You visited 1 branch of the dungeon, and saw 4 of its levels.

You collected 60 gold pieces.


Innate Abilities, Weirdness & Mutations

You are too large for most types of armour.
You have tough skin. (AC +1)


   Skills:
 + Level 3.4 Fighting
 - Level 1.7 Dodging
 - Level 1.4 Stealth
 + Level 4.7 Spellcasting
 + Level 2.5 Conjurations
 - Level 0.8 Summonings
   Level 0.8 Translocations


You had 4 spell levels left.
You knew the following spells:

 Your Spells              Type           Power        Failure   Level  Hunger
A - Magic Dart            Conj           ##..         4%          1    None
B - Call Imp              Summ           #.......     13%         2    #......
C - Conjure Flame         Conj/Fire      #.......     22%         3    ##.....
D - Mephitic Cloud        Conj/Pois/Air  #.......     26%         3    ##.....

Your spell library contained the following spells:

 Spells                   Type           Power        Failure   Level  Hunger
 Blink                    Tloc           N/A          13%         2    #......
 Slow                     Hex            #.......     19%         2    #......

Action                   |  1- 3 |  4- 6 || total
-------------------------+-------+-------++-------
Melee: Short sword       |    51 |    23 ||    74
       Unarmed           |    15 |       ||    15
 Cast: Magic Dart        |    78 |    40 ||   118
       Call Imp          |     4 |     1 ||     5
       Mephitic Cloud    |       |     1 ||     1
  Use: Scroll            |       |     7 ||     7
       Potion            |       |     5 ||     5
 Stab: Invisible         |       |     3 ||     3
  Eat: Chunk             |     3 |     2 ||     5
Armor: Robe              |    45 |    19 ||    64
Dodge: Dodged            |    57 |    69 ||   126

Inventory:

Hand Weapons
 e - a +0 short sword (weapon)
Armour
 a - a +0 robe (worn)
 b - a +0 hat (worn)
 k - a +0 cloak (worn)
Jewellery
 o - an amulet of inaccuracy (around neck)
Potions
 j - a potion of magic
Comestibles
 d - 7 rations

############
#..........#
#..........
#........>
#.<.....#
#.......#
####...a...#
.......@...#
..##.......#
...........#
.###.#######
#. #


You could see a worker ant.

Vanquished Creatures
  A hound (D:3)
  A bullfrog skeleton (D:3)
  An adder (D:2)
  A dart slug (D:1)
  2 leopard geckos (D:1)
  An orc (D:3)
  3 bats
  3 giant cockroaches (D:1)
  4 goblins
  5 hobgoblins
  8 jackals
  6 kobolds (D:1)
  2 ball pythons
  2 frilled lizards (D:2)
  8 rats
48 creatures vanquished.

Vanquished Creatures (collateral kills)
  2 adders (D:2)
  2 orcs (D:2)
  A jackal (D:1)
  A frilled lizard (D:1)
6 creatures vanquished.

Grand Total: 54 creatures vanquished

Levels and vault maps discovered:
D:1:      ebering_trefoil_3fold, layout_rooms, serial_forest,
          infiniplex_forest_clump_curved, infiniplex_forest_clump_curved,
          infiniplex_forest_clump_cross, infiniplex_forest_lined_corner,
          infiniplex_forest_lined_4_way, infiniplex_forest_corner_1,
          infiniplex_forest_end_1, infiniplex_forest_clump_long,
          infiniplex_forest_lined_2, infiniplex_forest_corner_1
D:2:      cheibrodos_pilgrimage, layout_basic, lemuel_crystal_altar,
          uniq_terence
D:3:      layout_loops_cross, chequers_ecumenical_altar_simple_redux,
          uniq_crazy_yiuf_cottage, uniq_natasha
D:5:      layout_rooms, lemuel_coloured_pillars_altar, serial_corexii_hall,
          corexii_hall_statues_x, corexii_hall_statues_x,
          corexii_hall_statues_x, corexii_hall_statues_l,
          chequers_hall_statues_corner_a, chequers_hall_statues_wall_a,
          first_ration


Message History

* * * LOW HITPOINT WARNING * * *
You are lethally poisoned!
The worker ant poisons you!
You hit the worker ant.
The worker ant is almost dead.
* * * LOW HITPOINT WARNING * * *
You feel sick. The worker ant misses you. The worker ant bites you.
* * * LOW HITPOINT WARNING * * *
You miss the worker ant.
The worker ant is almost dead.
* * * LOW HITPOINT WARNING * * *
You feel sick.
The worker ant bites you but does no damage.
You closely miss the worker ant.
The worker ant is almost dead.
* * * LOW HITPOINT WARNING * * *
You feel sick. The worker ant closely misses you.
You miss the worker ant.
The worker ant is almost dead.
You die...

Notes
Turn   | Place    | Note
-------+----------+-------------------------------------------
     0 | D:1      | Orphidia the Ogre Wizard began the quest for the Orb.
     0 | D:1      | Reached XP level 1. HP: 16/16 MP: 5/5
    71 | D:1      | Reached skill level 1 in Conjurations
   119 | D:1      | Reached skill level 1 in Fighting
   307 | D:2      | Reached XP level 2. HP: 25/27 MP: 3/6
   371 | D:2      | Learned a level 2 spell: Call Imp
   554 | D:2      | Reached skill level 4 in Spellcasting
   757 | D:1      | Reached XP level 3. HP: 33/35 MP: 4/8
   773 | D:1      | Learned a level 3 spell: Conjure Flame
   777 | D:1      | Learned a level 3 spell: Mephitic Cloud
  1768 | D:2      | Reached XP level 4. HP: 44/44 MP: 3/10
  1942 | D:2      | Found a burning altar of Makhleb.
  2117 | D:3      | HP: 2/45 [bullfrog skeleton (3)]
  2128 | D:3      | Reached XP level 5. HP: 7/53 MP: 3/12
  2457 | D:3      | You fall through a shaft for 2 floors!
  2457 | D:5      | Entered Level 5 of the Dungeon
  2478 | D:5      | HP: 1/53 [poisoned by a worker ant]
  2479 | D:5      | Succumbed to a worker ant's poison
